[Event "Titled Tuesday Blitz February 07 Late 2023"]
[White "Halkias, Stelios"]
[Black "Gurevich, Dmitry"]
[WhiteFideId "4201809"]
[BlackFideId "2000407"]
[WhiteElo "2511"]
[BlackElo "2393"]
[Result "1-0"]
[Round "04"]
[TimeControl "180+2"]
[Date "2023.02.07"]
[WhiteClock "0:01:27"]
[BlackClock "0:01:13"]

1. d4 Nf6 2. Nf3 e6 3. e3 c5 4. b3 b6 5. Bd3 Bb7 6. O-O Be7 7. Bb2 O-O 8. c4 cxd4 9. exd4 d5 10. Qe2 Nc6 11. Nbd2 Rc8 12. Rad1 Re8 13. Ne5 dxc4 14. Ndxc4 Bf8 15. Rfe1 Nb4 16. Bb1 Nbd5 17. Qf3 Ba8 18. Qg3 b5 19. Nd2 b4 20. Ndf3 Nc3 21. Ng5 Nxd1 22. Ngxf7 1-0


[Site "https://www.chess.com"]

[Event "Titled Tuesday Blitz February 07 Late 2023"]
[White "Fisher_TheGalactic"]
[Black "Timmermans, Mark"]
[BlackFideId "1026399"]
[WhiteElo "2561"]
[BlackElo "2392"]
[Result "1-0"]
[Round "04"]
[TimeControl "180+2"]
[Date "2023.02.07"]
[WhiteClock "0:01:16"]
[BlackClock "0:02:04"]

1. Nf3 Nf6 2. g3 e6 3. Bg2 d5 4. O-O Be7 5. d3 O-O 6. Nbd2 b5 7. e4 Bb7 8. Ne5 dxe4 9. dxe4 Nfd7 10. Nxd7 Nxd7 11. Qe2 a6 12. Rd1 c5 13. Nf3 Qc8 14. Bf4 Rd8 15. Bd6 Bxd6 16. Rxd6 Nf6 17. e5 Rxd6 18. exd6 Qf8 19. Rd1 Rd8 20. Qe5 Bd5 21. Ng5 Qxd6 22. Qe3 h6 23. Ne4 Nxe4 24. Bxe4 Qe5 25. Bh7+ 1-0


[Site "https://www.chess.com"]

[Event "Titled Tuesday Blitz February 07 Late 2023"]
[White "Veiga, Jose Francisco R P Neves"]
[Black "Makridis, Dimitrios"]
[WhiteFideId "1930087"]
[BlackFideId "25864475"]
[WhiteElo "2406"]
[BlackElo "2356"]
[Result "0-1"]
[Round "04"]
[TimeControl "180+2"]
[Date "2023.02.07"]
[WhiteClock "0:00:22"]
[BlackClock "0:00:52"]

1. e4 e5 2. Bc4 Nf6 3. Nf3 Nc6 4. Ng5 d5 5. exd5 Nd4 6. c3 b5 7. Bf1 Nxd5 8. cxd4 Qxg5 9. Bxb5+ Kd8 10. Qf3 Bb7 11. Nc3 exd4 12. Ne4 Qe5 13. O-O Nf6 14. d3 Qxb5 15. a4 Qd5 16. Re1 Bb4 17. Re2 Re8 18. Bf4 Nxe4 19. dxe4 Rxe4 20. Rxe4 Qxe4 21. Qg3 Kd7 22. h4 Bd6 23. Bxd6 cxd6 24. Qxg7 Re8 25. Qxf7+ Re7 26. Qg8 d3 27. Rd1 d2 28. Rxd2 Qe1+ 29. Kh2 Qxd2 30. Qg4+ Kc7 31. Qc4+ Kb8 32. Qg8+ Bc8 33. Qg3 Qc2 34. Qxd6+ Qc7 0-1


[Site "https://www.chess.com"]

[Event "Titled Tuesday Blitz February 07 Late 2023"]
[White "Dauner, Benedikt"]
[Black "Fernandez Guillen, Ernesto J."]
[WhiteFideId "16225899"]
[BlackFideId "3512428"]
[WhiteElo "2400"]
[BlackElo "2477"]
[Result "0-1"]
[Round "04"]
[TimeControl "180+2"]
[Date "2023.02.07"]
[WhiteClock "0:00:02"]
[BlackClock "0:00:12"]

1. e4 e5 2. Nf3 Nc6 3. c3 g6 4. d4 exd4 5. cxd4 Bg7 6. Nc3 d6 7. Bb5 Bd7 8. O-O Nge7 9. d5 Nb8 10. Bd3 O-O 11. Re1 h6 12. h3 g5 13. e5 dxe5 14. Nxe5 Bf5 15. Bxf5 Nxf5 16. Qd3 Nd6 17. f4 Re8 18. Bd2 gxf4 19. Bxf4 Nd7 20. Ng4 Qh4 21. Rf1 h5 22. Nh6+ Bxh6 23. Bxh6 Ne5 24. Qc2 Qd4+ 25. Kh1 Qd3 26. Qf2 Qg6 27. Bf4 Nd3 28. Qf3 Nxf4 29. Qxf4 Kh7 30. Rf3 Rg8 31. g3 Rae8 32. Raf1 Re7 33. Kh2 Rge8 34. R1f2 Re1 35. a4 a6 36. g4 hxg4 37. hxg4 Kg7 38. Rh3 Ne4 39. Nxe4 R8xe4 40. Qd2 Qd6+ 41. Kg2 Rxg4+ 42. Kf3 Ree4 43. Qc3+ f6 44. Rg2 Qf4# 0-1


[Site "https://www.chess.com"]

[Event "Titled Tuesday Blitz February 07 Late 2023"]
[White "Bolourchifard, Farzad"]
[Black "Filgueira, Hernan"]
[WhiteFideId "12510084"]
[BlackFideId "101770"]
[WhiteElo "2292"]
[BlackElo "2283"]
[Result "1-0"]
[Round "04"]
[TimeControl "180+2"]
[Date "2023.02.07"]
[WhiteClock "0:00:42"]
[BlackClock "0:00:52"]

1. e4 e6 2. d4 d5 3. exd5 exd5 4. Nf3 Nf6 5. Bg5 Be7 6. Bd3 Bg4 7. O-O Nbd7 8. c3 O-O 9. Nbd2 c5 10. Qc2 h6 11. Bh4 cxd4 12. Nxd4 Ne5 13. Bf5 Bh5 14. Rfe1 Ng6 15. Bg3 a6 16. N2f3 Bxf3 17. Nxf3 Nh8 18. Rad1 Bd6 19. Rxd5 Bxg3 20. Rxd8 Bxf2+ 21. Qxf2 Raxd8 22. Nd4 Rd6 23. h3 Rfd8 24. Bc2 Ng6 25. Bxg6 fxg6 26. Re7 R6d7 27. Qe3 Kh7 28. Rxd7 Rxd7 29. a4 Nd5 30. Qe6 Nf6 31. Kh2 Rd5 32. Qb6 Rd7 33. Nf3 Nd5 34. Qe6 Nf6 35. Ne5 Rc7 36. Qb6 Re7 37. Qd6 Re8 38. a5 Rc8 39. Qd3 1-0


[Site "https://www.chess.com"]

[Event "Titled Tuesday Blitz February 07 Late 2023"]
[White "Goltsev, Dmitry"]
[Black "ArchibaldCerveza29"]
[WhiteFideId "24176710"]
[WhiteElo "2269"]
[BlackElo "2520"]
[Result "1-0"]
[Round "04"]
[TimeControl "180+2"]
[Date "2023.02.07"]
[WhiteClock "0:00:33"]
[BlackClock "0:00:23"]

1. e4 e5 2. Nf3 Nc6 3. Bb5 g6 4. d4 exd4 5. Nxd4 Bg7 6. Nxc6 bxc6 7. Bc4 Ne7 8. O-O O-O 9. c3 d5 10. Bd3 Re8 11. Nd2 f5 12. exf5 Bxf5 13. Bxf5 Nxf5 14. Nb3 Qd6 15. Qf3 c5 16. Bf4 Qc6 17. Rad1 Rad8 18. Rfe1 c4 19. Nc1 Qb7 20. Bg5 Rxe1+ 21. Rxe1 Rf8 22. Qe2 c6 23. g4 Nd6 24. Qe6+ Qf7 25. Qxf7+ Rxf7 26. Re6 Ne4 27. Be3 c5 28. Re8+ Bf8 29. Bh6 Nf6 30. Rxf8+ Rxf8 31. Bxf8 Kxf8 32. f3 Nd7 33. Ne2 Ne5 34. Kf2 Nd3+ 35. Ke3 Nxb2 36. Nf4 Ke7 37. Nxd5+ Kd6 38. Nf6 h6 39. Ne4+ Kd5 40. Nf2 Na4 41. Kd2 Nb6 42. f4 Nd7 43. Ke3 Nf6 44. h3 h5 45. Kf3 a5 46. Nd1 hxg4+ 47. hxg4 Kc6 48. Ne3 a4 49. g5 Nd5 50. Nxd5 Kxd5 51. f5 gxf5 52. Kf4 Ke6 53. g6 Kf6 54. g7 Kxg7 55. Kxf5 Kf7 56. Ke5 Ke7 57. Kd5 Kd7 58. Kxc5 Kc7 59. Kb5 a3 60. Kxc4 Kc6 61. Kb4 Kd5 62. Kxa3 Kc4 63. Kb2 1-0


[Site "https://www.chess.com"]

[Event "Titled Tuesday Blitz February 07 Late 2023"]
[White "Salimova, Nurgyul"]
[Black "Ismagilov, Damir"]
[WhiteFideId "2915138"]
[BlackFideId "34199982"]
[WhiteElo "2391"]
[BlackElo "2156"]
[Result "0-1"]
[Round "04"]
[TimeControl "180+2"]
[Date "2023.02.07"]
[WhiteClock "0:00:03"]
[BlackClock "0:00:14"]

1. d4 Nf6 2. Nf3 b6 3. g3 e6 4. Bg2 d5 5. O-O Be7 6. c4 c6 7. cxd5 cxd5 8. Nc3 O-O 9. Bf4 Bb7 10. Rc1 Nc6 11. Qa4 a6 12. Rfd1 b5 13. Qc2 Qb6 14. e3 Rac8 15. Qb1 h6 16. Bf1 Na5 17. Bd3 Nc4 18. h4 Bd6 19. Kg2 Rc7 20. b3 Bxf4 21. gxf4 Nd6 22. Ne5 Rfc8 23. Ne2 Nde4 24. Rxc7 Rxc7 25. Rc1 Qa5 26. b4 Qb6 27. Qb2 Nd6 28. Rc5 Nfe4 29. f3 Nf6 30. Kf2 Nc4 31. Qc1 Nd7 32. Nxd7 Rxd7 33. h5 Qd8 34. Qh1 Rc7 35. Ng3 Rxc5 36. bxc5 Qa5 37. Qd1 Qxa2+ 38. Ne2 Nb2 39. Qc2 Nxd3+ 40. Qxd3 Qc4 41. Qd2 b4 42. Nc1 Bc6 43. Nd3 a5 44. Ne5 Qb5 45. f5 b3 46. fxe6 fxe6 47. Qc1 b2 48. Qb1 Be8 49. f4 a4 50. c6 Bxc6 51. Qg6 Be8 52. Qxe6+ Kh7 53. Qf5+ Kh8 54. Qf8+ Kh7 55. Qf5+ Kg8 56. Qe6+ Kh8 57. Ng6+ Bxg6 58. hxg6 Qb8 0-1


[Site "https://www.chess.com"]

[Event "Titled Tuesday Blitz February 07 Late 2023"]
[White "Cuenca Jimenez, Jose Fernando"]
[Black "Prem, Pranav"]
[WhiteFideId "2255570"]
[BlackFideId "30901057"]
[WhiteElo "2535"]
[BlackElo "2061"]
[Result "1-0"]
[Round "04"]
[TimeControl "180+2"]
[Date "2023.02.07"]
[WhiteClock "0:00:33"]
[BlackClock "0:00:03"]

1. d4 d5 2. c4 e6 3. Nf3 Nf6 4. g3 Bb4+ 5. Bd2 Bd6 6. Nc3 c6 7. Bg5 Nbd7 8. e4 dxe4 9. Nxe4 Bb4+ 10. Nc3 h6 11. Bd2 O-O 12. Bg2 Re8 13. a3 Bd6 14. O-O e5 15. Be3 exd4 16. Bxd4 Qc7 17. Re1 Rxe1+ 18. Qxe1 b6 19. Rc1 Ba6 20. Nb5 Bxb5 21. cxb5 c5 22. Nh4 Re8 23. Qd1 Qb8 24. Be3 Bf8 25. Bc6 Rd8 26. Qe2 Bd6 27. Nf5 Bc7 28. f4 Nf8 29. Qc4 Ne6 30. Bf2 Ng4 31. Be1 Nf6 32. Bc3 Ng4 33. Bd5 g6 34. Bxe6 fxe6 35. Qxe6+ Kh7 36. Qf7# 1-0


[Site "https://www.chess.com"]

[Event "Titled Tuesday Blitz February 07 Late 2023"]
[White "Leiva, Gianmarco"]
[Black "Hansen, Torbjorn Ringdal"]
[WhiteFideId "3804399"]
[BlackFideId "1501720"]
[WhiteElo "2392"]
[BlackElo "2432"]
[Result "1-0"]
[Round "04"]
[TimeControl "180+2"]
[Date "2023.02.07"]
[WhiteClock "0:00:05"]
[BlackClock "0:00:01"]

1. e4 c6 2. d4 d5 3. e5 c5 4. dxc5 e6 5. a3 Bxc5 6. b4 Be7 7. Bb2 a5 8. b5 Nd7 9. Nf3 Nh6 10. Nbd2 f6 11. c4 fxe5 12. Nxe5 Nxe5 13. Bxe5 Bf6 14. Nf3 Ng4 15. Bxf6 Qxf6 16. Rc1 e5 17. Qxd5 Be6 18. Qxb7 O-O 19. Bd3 e4 20. Qxe4 Bf5 21. Qxf5 Rae8+ 22. Kf1 Qh6 23. Qxh7+ Qxh7 24. Bxh7+ Kxh7 25. c5 Ne5 26. c6 Nd3 27. Rc3 Nb2 28. g3 Na4 29. Rd3 Nc5 30. Rd5 Na4 31. Kg2 Nb6 32. Rh5+ Kg6 33. Rg5+ Kh6 34. Rc5 Re2 35. Rd1 Ra2 36. c7 Re8 37. Rd6+ Kh7 38. Rxb6 Ree2 39. Ng5+ 1-0


[Site "https://www.chess.com"]

[Event "Titled Tuesday Blitz February 07 Late 2023"]
[White "TheKnightOfBosnia"]
[Black "Javakhadze, Zurab"]
[BlackFideId "13603647"]
[WhiteElo "2526"]
[BlackElo "2459"]
[Result "0-1"]
[Round "04"]
[TimeControl "180+2"]
[Date "2023.02.07"]
[WhiteClock "0:00:03"]
[BlackClock "0:00:10"]

1. e4 e5 2. Nf3 Nc6 3. Bb5 a6 4. Ba4 Nf6 5. d3 d6 6. c4 Bd7 7. Nc3 g6 8. O-O Bg7 9. Bg5 h6 10. Bxf6 Bxf6 11. Nd5 Bg7 12. b4 O-O 13. Rc1 f5 14. exf5 gxf5 15. c5 Kh8 16. Qd2 e4 17. dxe4 fxe4 18. Ne1 dxc5 19. Rxc5 Nd4 20. Bxd7 Qxd7 21. Ne3 Rad8 22. Rd5 Qe7 23. N1c2 Rxd5 24. Nxd5 Qe5 25. Nxd4 Qxd5 26. Nb3 Qxd2 27. Nxd2 Bc3 28. Nxe4 Bxb4 29. Rb1 Rd8 30. g3 Ba5 31. Rxb7 Bb6 32. Kg2 Kg8 33. a4 a5 34. f4 Kf7 35. Kf3 Ke6 36. Kg4 Kd5 37. Nf6+ Kc6 38. Rxb6+ cxb6 39. Kh5 b5 40. axb5+ Kxb5 41. g4 a4 42. Kxh6 a3 43. Ne4 Kb4 44. f5 a2 45. f6 a1=Q 46. f7 Qh8+ 47. Kg6 Qxh2 48. g5 Qc2 49. Kf5 Qc8+ 50. Kf6 Rd4 51. Ke5 Rxe4+ 52. Kxe4 Qe6+ 53. Kf4 Qxf7+ 0-1


[Site "https://www.chess.com"]

[Event "Titled Tuesday Blitz February 07 Late 2023"]
[White "Brilej, Jaka"]
[Black "Wieczorek, Oskar"]
[WhiteFideId "14618818"]
[BlackFideId "1133950"]
[WhiteElo "2321"]
[BlackElo "2512"]
[Result "1-0"]
[Round "04"]
[TimeControl "180+2"]
[Date "2023.02.07"]
[WhiteClock "0:01:43"]
[BlackClock "0:00:58"]

1. e4 c5 2. Nf3 e6 3. Nc3 d6 4. d4 cxd4 5. Nxd4 Nf6 6. f3 a6 7. Be3 b5 8. Qd2 Nbd7 9. g4 h6 10. h4 b4 11. Nce2 d5 12. Rg1 Ne5 13. g5 hxg5 14. hxg5 Nc4 15. Qc1 Nd7 16. exd5 exd5 17. Nf4 Nde5 18. b3 Bc5 19. bxc4 Bxd4 20. Bxd4 Nxf3+ 21. Kf2 Nxd4 22. Qe3+ Ne6 23. cxd5 Rh2+ 24. Rg2 Rxg2+ 25. Bxg2 1-0


[Site "https://www.chess.com"]

[Event "Titled Tuesday Blitz February 07 Late 2023"]
[White "Starozhilov, Leonid"]
[Black "Ozates, Tuna"]
[WhiteFideId "14106752"]
[BlackFideId "6354521"]
[WhiteElo "2313"]
[BlackElo "2251"]
[Result "0-1"]
[Round "04"]
[TimeControl "180+2"]
[Date "2023.02.07"]
[WhiteClock "0:00:01"]
[BlackClock "0:00:07"]

1. e4 c5 2. Nf3 Nc6 3. Bb5 g6 4. O-O Bg7 5. Nc3 d6 6. Re1 e5 7. Nd5 Ne7 8. d4 cxd4 9. Bg5 f6 10. Nxf6+ Kf7 11. Nd5 h6 12. Bxc6 hxg5 13. Nxg5+ Kg8 14. Nxe7+ Qxe7 15. Bd5+ Kf8 16. Qf3+ Ke8 17. c3 Rf8 18. Qg3 Bf6 19. Nf3 g5 20. cxd4 g4 21. dxe5 dxe5 22. Rad1 Bd7 23. Bxb7 Rb8 24. Ba6 gxf3 25. Bc4 fxg2 26. Qg6+ Kd8 27. Qg4 Kc7 28. Qe2 Bh4 29. Rc1 Bxf2+ 30. Kxg2 Qg5+ 31. Kh1 Bxe1 32. Qxe1 Kd8 33. Bd5 Qg4 0-1


[Site "https://www.chess.com"]

[Event "Titled Tuesday Blitz February 07 Late 2023"]
[White "Tan, Zhongyi"]
[Black "Schekachikhin, Maksim"]
[WhiteFideId "8603642"]
[BlackFideId "24177830"]
[WhiteElo "2517"]
[BlackElo "2371"]
[Result "1-0"]
[Round "04"]
[TimeControl "180+2"]
[Date "2023.02.07"]
[WhiteClock "0:01:22"]
[BlackClock "0:00:17"]

1. d4 Nf6 2. c4 b6 3. f3 Nc6 4. Nc3 Bb7 5. e4 e5 6. dxe5 Nxe5 7. Be3 Bc5 8. Qd2 O-O 9. Nh3 Re8 10. O-O-O Qe7 11. Nf4 Rad8 12. Kb1 Bxe3 13. Qxe3 a6 14. g4 Nexg4 15. fxg4 Nxe4 16. Rg1 Qg5 17. Ncd5 Bxd5 18. Rxd5 Nc3+ 19. bxc3 1-0


[Site "https://www.chess.com"]

[Event "Titled Tuesday Blitz February 07 Late 2023"]
[White "Mgeladze, Tamaz"]
[Black "Seletsky, Grigory"]
[WhiteFideId "13601202"]
[BlackFideId "14112191"]
[WhiteElo "2388"]
[BlackElo "2259"]
[Result "1-0"]
[Round "04"]
[TimeControl "180+2"]
[Date "2023.02.07"]
[WhiteClock "0:01:51"]
[BlackClock "0:01:16"]

1. c4 c5 2. g3 Nc6 3. Bg2 Nf6 4. Nc3 g6 5. Nf3 Bg7 6. O-O O-O 7. d3 d6 8. a3 Bd7 9. Rb1 a5 10. Bg5 h6 11. Bd2 Kh7 12. Ne1 Rb8 13. Nc2 b6 14. b4 axb4 15. axb4 Ne8 16. b5 Nd4 17. Nxd4 Bxd4 18. Nd5 e6 19. Nf4 Bg7 20. Qc2 Nc7 21. Bc3 e5 22. Nd5 Nxd5 23. Bxd5 Bh3 24. Rfe1 f5 25. Ra1 f4 26. Ra7 Qf6 27. f3 fxg3 28. hxg3 Qg5 29. Kf2 h5 30. Qd2 Qf6 31. Rh1 Be6 32. Be4 Bf5 33. Qe3 Bxe4 34. Qxe4 Rf7 35. Rxh5+ Kg8 36. Rxf7 Qxf7 37. Rg5 Kh7 38. Bd2 Bh6 39. Rh5 Qf5 40. Rxh6+ Kg7 41. Qxf5 gxf5 42. Rxd6 1-0


[Site "https://www.chess.com"]

[Event "Titled Tuesday Blitz February 07 Late 2023"]
[White "Sokolovsky, Yahli"]
[Black "Dragomirescu, Angela"]
[WhiteFideId "2820242"]
[BlackFideId "1209914"]
[WhiteElo "2461"]
[BlackElo "2130"]
[Result "1-0"]
[Round "04"]
[TimeControl "180+2"]
[Date "2023.02.07"]
[WhiteClock "0:00:17"]
[BlackClock "0:00:14"]

1. b3 e5 2. Bb2 Nc6 3. e3 g6 4. d4 Bg7 5. d5 Nb8 6. c4 d6 7. Nc3 Nh6 8. Bd3 f5 9. e4 f4 10. Qc2 a6 11. O-O-O Nf7 12. Kb1 O-O 13. h4 h6 14. Nf3 Bg4 15. Rdg1 Qe7 16. Nh2 Bd7 17. g3 fxg3 18. fxg3 b5 19. h5 bxc4 20. Bxc4 g5 21. g4 a5 22. Nf1 Na6 23. Bxa6 Rxa6 24. Ne3 a4 25. Nxa4 Bxa4 26. bxa4 Rb8 27. Nf5 Qe8 28. Rg3 Rab6 29. Rb3 Qxa4 30. Rxb6 Qxc2+ 31. Kxc2 Rxb6 32. Bc3 Bf8 33. a4 Nd8 34. a5 Ra6 35. Rb1 Kf7 36. Rb8 Ke8 37. Kd3 Kd7 38. Kc4 c6 39. Bb4 Kc7 40. Rb6 Rxb6 41. axb6+ Kxb6 42. Bxd6 Bxd6 43. Nxd6 cxd5+ 44. Kxd5 Kc7 45. Nf5 Nf7 46. Ke6 Nd6 47. Nxd6 1-0


[Site "https://www.chess.com"]

[Event "Titled Tuesday Blitz February 07 Late 2023"]
[White "Kaplan, Avi Harrison"]
[Black "Papasimakopoulos, Alexandros"]
[WhiteFideId "30934559"]
[BlackFideId "4244125"]
[WhiteElo "2146"]
[BlackElo "2401"]
[Result "1-0"]
[Round "04"]
[TimeControl "180+2"]
[Date "2023.02.07"]
[WhiteClock "0:00:05"]
[BlackClock "0:01:18"]

1. g3 h5 2. h4 d5 3. Bg2 e5 4. d3 Nc6 5. a3 Be6 6. b4 a6 7. Bb2 f6 8. Nd2 Nge7 9. c4 Qd7 10. Qc2 g5 11. Ngf3 g4 12. Ng1 Bg7 13. Rc1 f5 14. e3 Ng6 15. Ne2 O-O 16. b5 Na5 17. O-O axb5 18. cxd5 Bxd5 19. Qxc7 Qxc7 20. Rxc7 Bxg2 21. Kxg2 Rf7 22. Rfc1 Nc6 23. Rxf7 Kxf7 24. Nb3 Bf8 25. Nc5 Na5 26. Nxb7 Nxb7 27. Rc7+ Ke6 28. Rxb7 Bxa3 29. Rxb5 Bxb2 30. Rxb2 Ra6 31. d4 f4 32. exf4 exf4 33. Nxf4+ Nxf4+ 34. gxf4 Ra4 35. Rd2 Ra3 36. d5+ Kd6 37. Re2 Rh3 38. Re6+ Kd7 39. f5 Rxh4 40. f6 Rh3 41. Re3 Rxe3 42. fxe3 h4 43. e4 h3+ 44. Kg3 Kd6 45. Kh2 Kd7 46. e5 Ke8 47. d6 Kf8 48. d7 Kf7 49. d8=Q Ke6 50. Qe7+ Kf5 51. Kg3 h2 52. Kxh2 1-0


[Site "https://www.chess.com"]

[Event "Titled Tuesday Blitz February 07 Late 2023"]
[White "tuschessCM1"]
[Black "Jimenez Almeida, Luis David"]
[BlackFideId "22242244"]
[WhiteElo "2670"]
[BlackElo "2242"]
[Result "1-0"]
[Round "04"]
[TimeControl "180+2"]
[Date "2023.02.07"]
[WhiteClock "0:00:20"]
[BlackClock "0:00:01"]

1. c4 g6 2. Nc3 Bg7 3. e4 c5 4. g3 Nc6 5. Bg2 d6 6. Nge2 Nd4 7. d3 e6 8. O-O Ne7 9. h3 O-O 10. Kh2 a6 11. Rb1 Rb8 12. Nxd4 cxd4 13. Ne2 b5 14. b3 Bb7 15. f4 f5 16. g4 Qb6 17. Ng3 fxe4 18. Nxe4 d5 19. c5 Qc7 20. Ng5 Bc8 21. b4 h6 22. Nf3 g5 23. Bb2 Ng6 24. Kh1 Rxf4 25. Qe2 Bd7 26. Rbe1 Rbf8 27. Nd2 Rxf1+ 28. Rxf1 Rxf1+ 29. Qxf1 Qf4 30. Nb3 Be5 31. Qxf4 Nxf4 32. Bf1 Bf6 33. Bxd4 Kf7 34. Kg1 e5 35. Bb2 d4 36. Bc1 Nd5 37. Bd2 Be6 38. c6 Ke7 39. Nc5 Bc8 40. Bg2 Nc7 41. Kf2 Ne6 42. Ne4 Bg7 43. Ng3 Nc7 44. Be4 Kd6 45. Bf5 Bxf5 46. Nxf5+ Kxc6 47. Nxg7 Nd5 48. Nf5 Nc3 49. a3 Nb1 50. Bc1 Kd5 51. Nxh6 e4 52. dxe4+ Kxe4 53. Nf7 Kd3 54. Nxg5 Kc2 55. Bf4 d3 56. Nf3 Nc3 57. g5 Ne4+ 58. Kg2 Kd1 59. g6 Ke2 60. Nd4+ Ke1 61. g7 Nf6 62. Nf3+ Ke2 63. Be5 d2 64. Nxd2 1-0


[Site "https://www.chess.com"]

[Event "Titled Tuesday Blitz February 07 Late 2023"]
[White "Bazeev, German"]
[Black "Baches Garcia, Guillermo"]
[WhiteFideId "24119350"]
[BlackFideId "2209764"]
[WhiteElo "2369"]
[BlackElo "2327"]
[Result "1/2-1/2"]
[Round "04"]
[TimeControl "180+2"]
[Date "2023.02.07"]
[WhiteClock "0:01:46"]
[BlackClock "0:02:24"]

1. c4 e5 2. Nc3 Nf6 3. Nf3 Nc6 4. e4 g6 5. d3 Bg7 6. Be2 O-O 7. O-O d6 8. a3 a5 9. Nd5 Nh5 10. Ne1 Nf4 11. Nxf4 exf4 12. Bxf4 Bxb2 13. Bh6 Re8 1/2-1/2


[Site "https://www.chess.com"]

[Event "Titled Tuesday Blitz February 07 Late 2023"]
[White "Bochnicka, Vladimir"]
[Black "Kalogeris, Ioannis"]
[WhiteFideId "14943450"]
[BlackFideId "4239563"]
[WhiteElo "2327"]
[BlackElo "2423"]
[Result "0-1"]
[Round "04"]
[TimeControl "180+2"]
[Date "2023.02.07"]
[WhiteClock "0:00:10"]
[BlackClock "0:00:18"]

1. e4 e5 2. Nf3 Nc6 3. Bc4 Bc5 4. c3 Nf6 5. d3 O-O 6. Nbd2 d6 7. Nf1 a6 8. Bb3 Ba7 9. Ng3 h6 10. O-O Ne7 11. h3 Ng6 12. Re1 c6 13. d4 Qc7 14. Bc2 b5 15. Be3 c5 16. dxe5 dxe5 17. Qc1 Nf4 18. Nf5 c4 19. Bxf4 exf4 20. e5 Nd5 21. N3d4 Bxf5 22. Nxf5 Rae8 23. Be4 Rxe5 24. Bxd5 Rxf5 25. Bf3 Rd8 26. Qc2 g6 27. Re2 Re5 28. Rae1 Rxe2 29. Qxe2 Qd6 30. Rd1 Qc7 31. Rxd8+ Qxd8 32. Qe5 Qb6 33. Qe2 Qc5 34. Bb7 a5 35. Qf3 Qe5 36. Qe4 Qd6 37. Bd5 Kg7 38. Kf1 Bc5 39. Ke2 Qf6 40. Kf3 Qh4 41. Qe5+ Kh7 42. g3 fxg3 43. fxg3 Qxh3 44. Bxf7 Qf1+ 45. Ke4 Qg2+ 46. Kf4 Qf2+ 47. Ke4 Qxf7 48. Qxc5 Qb7+ 49. Kf4 Qb8+ 50. Kg4 Qb7 51. Qe5 h5+ 52. Kh3 b4 53. cxb4 axb4 54. Qd4 Qc8+ 55. Kg2 c3 56. bxc3 bxc3 57. Qd1 Qc6+ 58. Kf2 c2 59. Qc1 Qc3 60. Ke2 Kg7 61. a4 Qc4+ 62. Kd2 Qxa4 63. Qb2+ Kh7 64. Qxc2 Qxc2+ 65. Kxc2 Kh6 66. Kd2 Kg5 67. Ke3 Kg4 68. Kf2 h4 69. gxh4 Kxh4 70. Kf3 g5 71. Kf2 Kh3 72. Kg1 Kg3 73. Kf1 Kh2 74. Kf2 g4 75. Ke3 g3 0-1


[Site "https://www.chess.com"]

[Event "Titled Tuesday Blitz February 07 Late 2023"]
[White "Vega Gutierrez, Sabrina"]
[Black "Vlassov, Nikolai"]
[WhiteFideId "2219026"]
[BlackFideId "4103360"]
[WhiteElo "2377"]
[BlackElo "2283"]
[Result "0-1"]
[Round "04"]
[TimeControl "180+2"]
[Date "2023.02.07"]
[WhiteClock "0:00:01"]
[BlackClock "0:00:39"]

1. e4 Nc6 2. d4 d5 3. exd5 Qxd5 4. Nf3 Bg4 5. Be2 O-O-O 6. c4 Qh5 7. Be3 e5 8. d5 e4 9. Nd4 Bxe2 10. Nxe2 Ne5 11. Qa4 Nd3+ 12. Kd2 Nxb2 13. Qb3 Nd3 14. Nbc3 f5 15. Rab1 Bb4 16. a3 Bxc3+ 17. Nxc3 b6 18. c5 Nf6 19. d6 f4 20. Bd4 Nxc5 21. Bxc5 Qxc5 22. Qe6+ Kb8 23. Nxe4 Nxe4+ 24. Qxe4 Rhe8 25. Qf3 Rxd6+ 0-1


[Site "https://www.chess.com"]

[Event "Titled Tuesday Blitz February 07 Late 2023"]
[White "Godzwon, Iwo"]
[Black "Mazurkiewicz, Michal"]
[WhiteFideId "21802483"]
[BlackFideId "1124943"]
[WhiteElo "2394"]
[BlackElo "2145"]
[Result "1-0"]
[Round "04"]
[TimeControl "180+2"]
[Date "2023.02.07"]
[WhiteClock "0:00:07"]
[BlackClock "0:00:01"]

1. e4 d6 2. d4 Nf6 3. Nc3 c6 4. f4 Qb6 5. Nf3 Bg4 6. Be2 e6 7. O-O d5 8. e5 Nfd7 9. a3 c5 10. dxc5 Bxc5+ 11. Kh1 Be7 12. h3 Bxf3 13. Rxf3 g6 14. Be3 Qd8 15. Nb5 Nc6 16. c4 dxc4 17. Bxc4 O-O 18. Qe2 a6 19. Nc3 Nb6 20. Ba2 Nd4 21. Qf2 Nxf3 22. Bxb6 Qd2 23. Qxf3 Qxb2 24. Rb1 Qxa3 25. Rb3 Qc1+ 26. Kh2 Rac8 27. Ne4 Qc2 28. Bb1 Qc6 29. Bd4 Qd5 30. Rd3 Rc1 31. Bb2 Rxb1 32. Rxd5 exd5 33. Nc3 Rxb2 34. Nxd5 Bd8 35. f5 Re8 36. Qe4 Rb5 37. e6 gxf5 38. exf7+ Kxf7 39. Qxf5+ Kg8 40. Qg4+ Kf7 41. Qd7+ Be7 42. Nc7 Re5 43. Qxe8+ Kf6 44. Qh8+ 1-0


[Site "https://www.chess.com"]

[Event "Titled Tuesday Blitz February 07 Late 2023"]
[White "Rodriguez Fontecha, Marcos"]
[Black "Martinez Ramirez, Lennis"]
[WhiteFideId "2256576"]
[BlackFideId "3509079"]
[WhiteElo "2309"]
[BlackElo "2426"]
[Result "0-1"]
[Round "04"]
[TimeControl "180+2"]
[Date "2023.02.07"]
[WhiteClock "0:00:09"]
[BlackClock "0:01:04"]

1. Nf3 d5 2. g3 Nf6 3. Bg2 Nc6 4. O-O e5 5. d3 Bf5 6. Nbd2 Qd7 7. Re1 e4 8. Nh4 Bh3 9. dxe4 Bxg2 10. Nxg2 dxe4 11. Nb3 Qf5 12. Bf4 Rd8 13. Qc1 Qh3 14. f3 Rd7 15. Qe3 Nb4 16. Qxa7 Nxc2 17. Qb8+ Rd8 18. Qxb7 Nxa1 19. Rxa1 Bd6 20. Qc6+ Qd7 21. Qxd7+ Rxd7 22. a4 h6 23. a5 Ke7 24. a6 Ra8 25. Ne3 Bxf4 26. gxf4 exf3 27. Nc5 Rd2 28. Nf5+ Kf8 29. exf3 Rd5 30. b4 Rxf5 31. a7 Rxf4 32. b5 Rb4 33. Ra5 Rc4 0-1


[Site "https://www.chess.com"]

[Event "Titled Tuesday Blitz February 07 Late 2023"]
[White "Rosen, Eric"]
[Black "Buchenau, Frank"]
[WhiteFideId "2032562"]
[BlackFideId "4604350"]
[WhiteElo "2349"]
[BlackElo "2222"]
[Result "0-1"]
[Round "04"]
[TimeControl "180+2"]
[Date "2023.02.07"]
[WhiteClock "0:00:01"]
[BlackClock "0:00:11"]

1. e4 e6 2. d4 d5 3. e5 c5 4. c3 Qb6 5. Nf3 Bd7 6. Bd3 cxd4 7. O-O Nc6 8. Re1 Nge7 9. h4 Nf5 10. Bxf5 exf5 11. cxd4 h6 12. Nc3 Be6 13. a3 Rc8 14. Qd3 Be7 15. h5 O-O 16. Ne2 Na5 17. b4 Nc4 18. Nf4 a5 19. bxa5 Qxa5 20. Bd2 Nxd2 21. Qxd2 Qxd2 22. Nxd2 Rc2 23. Nf1 Ra8 24. Ne3 Rd2 25. Nfxd5 Bd8 26. Red1 Rxd1+ 27. Rxd1 Rxa3 28. Nf4 Bb6 29. d5 Bd7 30. Nc4 Rb3 31. Nxb6 Rxb6 32. Rc1 Kf8 33. Rc7 Ke8 34. g3 Kd8 35. d6 Rb5 36. Nd3 Rd5 37. Nc5 Bc6 38. Nxb7+ Bxb7 39. Rxb7 Rxe5 40. Rxf7 f4 41. Rxf4 Rxh5 42. Rg4 Rd5 43. Rg6 Ke8 44. Rxg7 Rxd6 45. Kg2 Kf8 46. Rh7 Kg8 47. Rb7 Rf6 48. f4 Kh8 49. Kf3 Kg8 50. Kg4 Rg6+ 51. Kh4 Kh8 52. f5 Rg5 53. g4 Kg8 54. Rc7 Kh8 55. Rd7 Kg8 56. Rd6 Kh7 57. Re6 Rg7 0-1


[Site "https://www.chess.com"]